 Dungeon Crawl Stone Soup version 0.28-a0-851-g8b9cc49659 (webtiles) character file.

Game seed: 1626888930339191811

230 ragingrage the Poker (level 6, 0/48 HPs)
             Began as a Merfolk Brigand on Nov 14, 2021.
             Slain by a steam dragon (7 damage)
             ... on level 4 of the Dungeon.
             The game lasted 00:03:38 (3000 turns).

ragingrage the Poker (Merfolk Brigand)              Turns: 3000, Time: 00:03:39

Health: 0/48       AC:  5    Str: 14    XL:     6   Next: 3%
Magic:  6/6        EV: 13    Int: 10    God:
Gold:   135        SH:  0    Dex: 15    Spells: 5/5 levels left

rFire   . . .      SeeInvis .   p - +1 short sword (venom)
rCold   . . .      Faith    .   (no shield)
rNeg    . . .      Spirit   .   l - +0 robe
rPois   .          Reflect  .   g - +0 helmet
rElec   .          Harm     .   c - +0 cloak
rCorr   .          Rampage  .   (no gloves)
Will    .....                   a - +0 pair of boots
Stlth   +++.......              (no amulet)
HPRegen 0.16/turn               j - +4 ring of slaying
MPRegen 0.10/turn               (no ring)

@: no status effects
A: (nimble swimmer 2), mertail
a: no special abilities


You were on level 4 of the Dungeon.
You visited 1 branch of the dungeon, and saw 4 of its levels.

You collected 135 gold pieces.

Inventory:

Hand Weapons
 b - a +0 spear
 p - a +1 short sword of venom (weapon)
Missiles
 d - 15 poisoned darts (quivered)
 e - 2 curare-tipped darts
Armour
 a - a +0 pair of boots (worn)
 c - a +0 cloak (worn)
 g - a +0 helmet (worn)
 l - a +0 robe (worn)
Jewellery
 j - a +4 ring of slaying (left hand)
Scrolls
 f - 2 scrolls of identify {unknown}
 i - 2 scrolls of enchant weapon {unknown}
 k - a scroll of torment {unknown}
 o - a scroll of enchant armour {unknown}
 q - 2 scrolls of teleportation {unknown}
 t - a scroll of noise {unknown}
Potions
 h - 2 potions of heal wounds
 m - a potion of berserk rage {unknown}
 n - a potion of lignification {unknown}
 r - a potion of degeneration {unknown}
 s - a potion of attraction {unknown}


   Skills:
 + Level 3.9 Fighting
 - Level 2.4 Short Blades
 * Level 5.1 Polearms
 - Level 2.0 Throwing
 + Level 4.2 Dodging
 - Level 4.3 Stealth


You had 5 spell levels left.
You didn't know any spells.
Your spell library contained the following spells:

 Spells                   Type           Power      Damage    Failure   Level
 Slow                     Hex            0%         N/A       36%         1
 Sublimation of Blood     Necr           0%         N/A       50%         2
 Wereblood                Tmut           0%         N/A       50%         2
 Confusing Touch          Hex            0%         N/A       75%         3
 Vampiric Draining        Necr           0%         2d6       75%         3
 Summon Hydra             Summ           0%         N/A       100%        7


Dungeon Overview and Level Annotations

Branches:
Dungeon (4/15)
 Temple: D:4-7

Altars:
Makhleb
Xom


Innate Abilities, Weirdness & Mutations

((You are quick and stealthy near water. (Stealth+, EV+, Speed+++)))
Your lower body shifts to a powerful aquatic tail in water.


Message History

The ball of steam hits you!
You see here 16 sling bullets.
You barely miss the steam dragon.
You are engulfed in a cloud of scalding steam.
The steam dragon bites you but does no damage.
The steam dragon closely misses you. The steam dragon closely misses you.
The steam dragon claws you but does no damage.
You hit the steam dragon.
The steam dragon is poisoned.
The steam dragon is lightly wounded.
You are engulfed in a cloud of scalding steam.
The steam dragon barely misses you. The steam dragon claws you.
You closely miss the steam dragon.
The steam dragon is lightly wounded.
The steam dragon breathes steam at you. The ball of steam hits you!
* * * LOW HITPOINT WARNING * * *
The steam dragon closely misses you.
The steam dragon claws you but does no damage.
It was a potion of heal wounds.
You feel much better. The steam dragon breathes steam at you.
The ball of steam misses you.
The steam dragon bites you but does no damage.
The steam dragon claws you but does no damage.
You barely miss the steam dragon.
The steam dragon is moderately wounded.
The steam dragon closely misses you. The steam dragon barely misses you.
You hit the steam dragon.
The steam dragon is heavily wounded.
The steam dragon bites you but does no damage.
The steam dragon claws you.
You puncture the steam dragon!
The steam dragon looks even sicker.
The steam dragon is almost dead.
The steam dragon breathes steam at you. The ball of steam hits you!
The steam dragon bites you!
* * * LOW HITPOINT WARNING * * *
The steam dragon barely misses you. The steam dragon bites you!
You die...

#..............
# #......
#..........
...# #.#..#.
##..>#######.#.
#.#....
##.######.... .
...#
#..........#
...####
####.###.§.# ##
#
.......#.###§##
.####.###...§#
##.#.##§@###
.......§D..#
.#######.#.#
###.# .# .# .#
.# ##


You could see a steam dragon (very poisoned, catching breath).

Vanquished Creatures
  An iguana (D:4)
  7 gnolls
  5 adders
  3 worms
  A dart slug (D:4)
  2 orcs (D:3)
  8 endoplasms
  2 giant cockroaches
  2 goblins
  6 hobgoblins
  5 jackals
  3 quokkas
  5 ball pythons
  9 bats
  13 frilled lizards
  8 kobolds
  5 rats
85 creatures vanquished.

Vanquished Creatures (others)
  5 plants (D:4)
5 creatures vanquished.

Grand Total: 90 creatures vanquished

Notes
Turn   | Place    | Note
-------+----------+-------------------------------------------
     0 | D:1      | ragingrage the Merfolk Brigand began the quest for the Orb.
     0 | D:1      | Reached XP level 1. HP: 16/16 MP: 1/1
    28 | D:1      | Found a faded altar of an unknown god.
   139 | D:1      | Reached XP level 2. HP: 23/23 MP: 2/2
   451 | D:1      | Reached XP level 3. HP: 29/29 MP: 3/3
   500 | D:1      | Reached skill level 1 in Polearms
   957 | D:2      | Reached skill level 2 in Polearms
  1122 | D:2      | Reached XP level 4. HP: 33/35 MP: 4/4
  1472 | D:2      | Found a burning altar of Makhleb.
  1675 | D:3      | Reached skill level 3 in Polearms
  1905 | D:3      | Reached XP level 5. HP: 36/41 MP: 5/5
  2048 | D:3      | Reached skill level 4 in Polearms
  2167 | D:3      | Found a shimmering altar of Xom.
  2917 | D:4      | Reached skill level 5 in Polearms
  2983 | D:4      | Reached XP level 6. HP: 48/48 MP: 6/6
  2983 | D:4      | Noticed a steam dragon
  3000 | D:4      | Slain by a steam dragon

Illustrated notes

Levels and vault maps discovered:
D:1:      amcnicky_arrival_choice, layout_loops_cross, basic_ecumenical_altar,
          minmay_fountain_box
D:2:      wander_river, layout_rooms, basic_altar, minmay_bisected
D:3:      layout_loops_ring, mainiacjoe_overflow_surrounded_room,
          kennysheep_generic_room_11
D:4:      layout_loops_cross, minmay_lizard_king

Skill      XL: |  1  2  3  4  5 |
---------------+----------------+-----
Dodging        | 2 3 4 |  4.2
Fighting       | 3 |  3.9
Polearms       | 2 3 5 |  5.1
Short Blades   | |  2.4
Throwing       | |  2.0
Stealth        | |  4.3

Action                   |  1- 3 |  4- 6 || total
-------------------------+-------+-------++-------
Melee: Dagger            |    86 |    10 ||    96
       Short sword       |       |    93 ||    93
       Tailslap          |       |     1 ||     1
Throw: Dart              |       |     5 ||     5
  Use: Potion            |       |     1 ||     1
 Stab: Sleeping          |    12 |     5 ||    17
Armor: Robe              |    20 |    24 ||    44
Dodge: Dodged            |    43 |    71 ||   114

Table legend: (Time is in decaauts)
 A = Elapsed time spent in this place.
 B = Non-inter-level travel time spent in this place.
 C = Inter-level travel time spent in this place.
 D = Time resting spent in this place.
 E = Time spent auto-exploring this place.
 F = Levels seen in this place.
 G = Mean time per level.
                   A        B        C        D        E       F      G
               +--------+--------+--------+--------+--------+-----+--------+
         Total |   2961 |   2896 |     65 |    313 |   2001 |   4 |  740.2 |
       Dungeon |   2961 |   2896 |     65 |    313 |   2001 |   4 |  740.2 |
               +--------+--------+--------+--------+--------+-----+--------+

Top non-repeatable levels by time:
     D:3: 859 daAuts
     D:2: 833 daAuts
     D:1: 726 daAuts
     D:4: 540 daAuts
